 Dungeon Crawl Stone Soup version 0.31-a0-1178-gc5c9b8f871 (webtiles) character file.

Game seed: 16625838551308254869

495 qw the Shooter (level 7, -2/43 HPs)
             Began as a Gargoyle Hunter on Dec 11, 2023.
             Slain by an ogre
             ... wielding a +0 giant club
              (13 damage)
             ... on level 4 of the Dungeon.
             The game lasted 00:01:38 (3032 turns).

qw the Shooter (Gargoyle Hunter)                    Turns: 3032, Time: 00:01:38

Health: -2/43      AC: 13    Str: 15    XL:     7   Next: 15%
Magic:  7/7        EV: 11    Int:  9    God:
Gold:   192        SH:  0    Dex: 15    Spells: 6/6 levels left

rFire   . . .        a - +0 shortbow
rCold   . . .        (shield currently unavailable)
rNeg    + . .        g - +0 ring mail
rPois   inf          e - +1 helmet
rElec   +            (no cloak)
rCorr   .            j - +0 pair of gloves
SInv    .            (no boots)
Will    .....        (no amulet)
Stlth   +            (no ring)
HPRegen 0.27/turn    (no ring)
MPRegen 0.10/turn

%: no passive effects
@: no status effects
A: sickness immunity, AC +4, negative energy resistance 1, electricity
resistance, torment resistance 1, petrification resistance
a: no special abilities


You were on level 4 of the Dungeon.
You visited 1 branch of the dungeon, and saw 4 of its levels.

You collected 192 gold pieces.


Innate Abilities, Weirdness & Mutations

You are immune to sickness and miasma.
Your stone body is resilient. (AC +4)
You are immune to poison.
You resist negative energy. (rN+)
You are resistant to electric shocks. (rElec)
You are resistant to unholy torment.
You are immune to petrification.


   Skills:
 - Level 4.0 Fighting
 + Level 7.2 Ranged Weapons
 - Level 2.8 Armour
 - Level 1.5 Dodging
 - Level 1.1 Stealth


You had 6 spell levels left.
You didn't know any spells.
Your spell library was empty.

Inventory:

Hand Weapons
 a - a +0 shortbow (weapon)
Armour
 e - a +1 helmet (worn)
 g - a +0 ring mail (worn)
 j - a +0 pair of gloves (worn)
Scrolls
 d - a scroll of revelation {unknown}
Potions
 b - a potion of ambrosia {unknown}
 c - a potion of curing
 f - 2 potions of mutation
 h - 3 potions of heal wounds

Dungeon Overview and Level Annotations

Branches:
Dungeon (4/15)
 Temple: D:4-7

Altars:
Nemelex Xobeh

Annotations:
D:3 1 runed translucent door, Crazy Yiuf


Message History

The phantom barely misses you.
You shoot an arrow. The arrow closely misses the iguana.
The iguana barely misses you. The phantom barely misses you.
You shoot an arrow. The arrow closely misses the iguana.
The arrow hits the ogre.
The ogre is lightly wounded.
The iguana misses you.
The phantom hits you but does no damage.
The iguana bites you.
The phantom hits you but does no damage.
You shoot an arrow. The arrow barely misses the iguana.
The arrow hits the ogre but does no damage.
The ogre is lightly wounded.
The iguana bites you but does no damage.
The phantom closely misses you.
You shoot an arrow.
The arrow hits the iguana but does no damage.
The iguana is almost dead.
The iguana bites you but does no damage.
The phantom hits you but does no damage.
You shoot an arrow. The arrow hits the iguana.
You kill the iguana!
The phantom hits you but does no damage.
You shoot an arrow. The arrow barely misses the phantom.
The arrow closely misses the ball python.
The ogre hits you with a +0 giant club.
The phantom hits you but does no damage.
You shoot an arrow. The arrow misses the phantom.
The phantom hits you but does no damage.
The ogre barely misses you.
You shoot an arrow. The arrow barely misses the phantom.
The phantom hits you but does no damage.
You shoot an arrow. The arrow hits the phantom.
The phantom is heavily damaged.
The ogre hits you with a +0 giant club! The phantom barely misses you.
The phantom hits you.
You shoot an arrow. The arrow hits the phantom!
The phantom is almost destroyed.
The ogre hits you with a +0 giant club!
You die...

........ ...... .....##
.....## . . ......#..
.....####...../..
.O..............# ###.##.#
#...@.# ..# ##...#.O# #..WO##
##.. ##....#..# #...S.# #..#
#........####.#...# #..#
##.<...#..##......###..#
#..#........##.........##
#........#..#...........#
#......###.............### .
##.##..#..##....)...#....##...


You could see an ogre, a phantom and a ball python.

Vanquished Creatures
  An ogre (D:4)
  A scorpion (D:3)
  A hound (D:3)
  An orc priest (D:4)
  An iguana (D:4)
  2 orc wizards
  Robin (D:3)
  3 gnolls (D:3)
  5 adders
  2 worms (D:2)
  2 dart slugs (D:1)
  7 orcs
  9 endoplasms
  A giant cockroach (D:3)
  16 hobgoblins
  3 jackals (D:1)
  6 kobolds
  5 quokkas
  7 ball pythons
  4 bats
  5 frilled lizards
  14 goblins
  8 rats
105 creatures vanquished.

Notes
Turn   | Place    | Note
-------+----------+-------------------------------------------
     0 | D:1      | qw the Gargoyle Hunter began the quest for the Orb.
     0 | D:1      | Reached XP level 1. HP: 12/12 MP: 1/1
     0 | D:1      | 0 ||| qw: Version: 0.3-a-106-g2cfff9e
     0 | D:1      | 0 ||| qw: Game counter: 1987
     0 | D:1      | 0 ||| qw: Melee chars always use a shield: true
     0 | D:1      | 0 ||| qw: God list: Okawaru
     0 | D:1      | 0 ||| qw: Allow faded altars: false
     0 | D:1      | 0 ||| qw: Do Orc after clearing Dungeon:15 true
     0 | D:1      | 0 ||| qw: Do second Lair branch before Depths: true
     0 | D:1      | 0 ||| qw: Lair rune preference: random
     0 | D:1      | 0 ||| qw: Goals: Normal, Save, Zot:1-4, Win
     0 | D:1      | 0 ||| PLANNING D:1-11
   128 | D:1      | HP: 2/12 [hobgoblin (2)]
   132 | D:1      | Reached XP level 2. HP: 4/17 MP: 2/2
   354 | D:1      | Reached XP level 3. HP: 21/21 MP: 3/3
   428 | D:1      | Reached skill level 5 in Ranged Weapons
   429 | D:1      | 429 ||| UPGRADING to +0 ring mail.
   431 | D:1      | 431 ||| UPGRADING to +0 ring mail.
   447 | D:1      | 447 ||| DROPPING +0 leather armour.
   448 | D:1      | 448 ||| READING scroll labelled TEGGEA JACURIMN.
   758 | D:1      | 758 ||| READING scroll labelled QUZAREFUIL.
   759 | D:1      | 759 ||| READING 3 scrolls labelled JEEDUO ETHRAY.
   759 | D:1      | 759 ||| IDENTIFYING pink potion
   760 | D:1      | 760 ||| READING 2 scrolls of identify.
   760 | D:1      | 760 ||| IDENTIFYING inky potion
   761 | D:1      | 761 ||| READING scroll of identify.
   761 | D:1      | 761 ||| IDENTIFYING scroll labelled NABBERGHI CUSY
   762 | D:1      | 762 ||| READING scroll labelled OJIWNI FETUE.
   763 | D:1      | 763 ||| READING scroll labelled HAAMUXU YMAST.
   764 | D:1      | 764 ||| DROPPING scroll of butterflies.
   788 | D:2      | Reached skill level 1 in Armour
   803 | D:2      | Identified the +5 dagger "Huowipul" {freeze, Str+3 SInv}
   969 | D:2      | HP: 4/22 [worm (6)]
   970 | D:2      | 970 ||| READING scroll of teleportation.
   971 | D:2      | 971 ||| DRINKING 2 potions of heal wounds.
   974 | D:2      | Reached XP level 4. HP: 21/27 MP: 4/4
  1002 | D:2      | Reached skill level 3 in Fighting
  1609 | D:2      | 1609 ||| UPGRADING to +0 helmet.
  1614 | D:2      | 1614 ||| DROPPING amulet of magic regeneration.
  1615 | D:2      | 1615 ||| READING 3 scrolls of identify.
  1615 | D:2      | 1615 ||| IDENTIFYING metallic green potion
  1616 | D:2      | 1616 ||| READING 2 scrolls of identify.
  1616 | D:2      | 1616 ||| IDENTIFYING 2 grey potions
  1617 | D:2      | 1617 ||| DROPPING potion of lignification.
  1665 | D:3      | Noticed a scorpion
  1682 | D:3      | Killed a scorpion
  1683 | D:3      | Reached skill level 6 in Ranged Weapons
  1683 | D:3      | Reached XP level 5. HP: 15/32 MP: 5/5
  1870 | D:3      | Found a runed translucent door.
  1871 | D:3      | Noticed Crazy Yiuf
  2069 | D:3      | Reached XP level 6. HP: 35/38 MP: 6/6
  2096 | D:3      | Noticed Robin
  2097 | D:3      | 2097 ||| FLEEEEING.
  2158 | D:3      | Killed Robin
  2168 | D:3      | 2168 ||| FLEEEEING.
  2169 | D:3      | 2169 ||| FLEEEEING.
  2170 | D:3      | 2170 ||| FLEEEEING.
  2171 | D:3      | 2171 ||| FLEEEEING.
  2172 | D:3      | 2172 ||| FLEEEEING.
  2173 | D:3      | 2173 ||| FLEEEEING.
  2174 | D:3      | 2174 ||| FLEEEEING.
  2175 | D:3      | 2175 ||| FLEEEEING.
  2176 | D:3      | 2176 ||| FLEEEEING.
  2177 | D:3      | 2177 ||| FLEEEEING.
  2178 | D:3      | 2178 ||| FLEEEEING.
  2179 | D:3      | 2179 ||| FLEEEEING.
  2180 | D:3      | 2180 ||| FLEEEEING.
  2181 | D:3      | 2181 ||| FLEEEEING.
  2182 | D:3      | 2182 ||| FLEEEEING.
  2183 | D:3      | 2183 ||| FLEEEEING.
  2184 | D:3      | 2184 ||| FLEEEEING.
  2185 | D:3      | 2185 ||| FLEEEEING.
  2186 | D:3      | 2186 ||| FLEEEEING.
  2562 | D:3      | Found a sparkling altar of Nemelex Xobeh.
  2780 | D:3      | 2780 ||| UPGRADING to +1 helmet.
  2790 | D:3      | 2790 ||| DROPPING +0 helmet.
  2791 | D:3      | 2791 ||| UPGRADING to +0 pair of gloves.
  2796 | D:3      | 2796 ||| READING scroll of identify.
  2796 | D:3      | 2796 ||| IDENTIFYING emerald potion
  2797 | D:3      | 2797 ||| DROPPING potion of degeneration.
  2854 | D:4      | Reached skill level 7 in Ranged Weapons
  2951 | D:4      | Reached XP level 7. HP: 43/43 MP: 7/7
  3010 | D:4      | 3010 ||| RETREEAATING.
  3011 | D:4      | 3011 ||| STILL RETREEAATING.
  3014 | D:4      | 3014 ||| Stepping ~*~*~tactically~*~*~ (retreating).
  3016 | D:4      | 3016 ||| Stepping ~*~*~tactically~*~*~ (retreating).
  3032 | D:4      | Slain by an ogre

Levels and vault maps discovered:
D:1:      ldierk_walled_garden_2, layout_basic, serial_bayou,
          serial_bayou_pond_d, serial_bayou_pond_d, serial_bayou_crossing,
          serial_bayou_shore_a
D:2:      minmay_thinvault, layout_rooms
D:3:      layout_loops_ring, nemelex_dance_club_becter,
          nicolae_underground_beach, uniq_crazy_yiuf_cottage, uniq_robin
D:4:      layout_cave_pools

Skill      XL: |  1  2  3  4  5  6 |
---------------+-------------------+-----
Ranged Weapons | 5 6 7 |  7.2
Armour         | 1 2 |  2.8
Fighting       | 3 4 |  4.0
Dodging        | |  1.5
Stealth        | |  1.1

Action                     |  1- 3 |  4- 6 |  7- 9 || total
---------------------------+-------+-------+-------++-------
   Fire: Shortbow          |   116 |   262 |    23 ||   401
    Use: Scroll            |     8 |     3 |       ||    11
         Potion            |     1 |       |       ||     1
 Armour: Leather armour    |    18 |       |       ||    18
         Ring mail         |    18 |   133 |    22 ||   173
  Dodge: Dodged            |    36 |    79 |     9 ||   124

Table legend:
 A = Non-vault XP
 B = Vault XP
 C = Vault XP percentage of total XP
 D = Non-vault monster count
 E = Vault monster count
 F = Vault count percentage of total count
                 A         B        C        D         E       F
            +---------+---------+-------+---------+---------+-------
      Total |     613 |      95 |  13.4 |      76 |      29 |  27.6
            +---------+---------+-------+---------+---------+-------
        D:1 |      50 |       0 |   0.0 |      28 |       0 |   0.0
        D:2 |      45 |      56 |  55.4 |      18 |      16 |  47.1
        D:3 |     266 |      39 |  12.8 |      20 |      13 |  39.4
        D:4 |     252 |       0 |   0.0 |      10 |       0 |   0.0
            +---------+---------+-------+---------+---------+-------
